 Dungeon Sprint DCSS version 0.19.5 (webtiles) character file.

1720 JeffiDaFish the Fighter (level 9, -7/114 HPs)
             Began as an Ogre Berserker on Dec 9, 2017.
             Was a Priest of Trog.
             Mangled by a slime creature (13 damage)
             ... in the Dungeon (Sprint I: "Red Sonja").
             The game lasted 00:02:12 (607 turns).

JeffiDaFish the Fighter (Ogre Berserker)             Turns: 607, Time: 00:02:12

Health: -7/114     AC:  3    Str: 24    XL:     9   Next: 4%
Magic:  9/9        EV: 14    Int:  6    God:    Trog [***...]
Gold:   115        SH:  0    Dex: 12    Spells: 0 memorised, 8 levels left

rFire  . . .     SeeInvis .     k - +0 scythe
rCold  . . .     Gourm    .     l - +0 robe {rN+}
rNeg   + . .     Faith    .     (shield currently unavailable)
rPois  .         Spirit   .     (helmet restricted)
rElec  .         Reflect  .     (no cloak)
rCorr  .         Harm     .     (gloves unavailable)
MR     .....     NoTele   +     (boots unavailable)
Stlth  +.........               (no amulet)
                                (no ring)
                                (no ring)

@: exhausted, slowed, very slow
A: unfitting armour, tough skin 1
a: Berserk, Trog's Hand, Burn Spellbooks, Renounce Religion


You were in the Dungeon.
You worshipped Trog.
Trog was most pleased with you.
You were hungry.

You visited 1 branch You collected 297 gold pieces.
You spent 182 gold pieces at shops.

Inventory:

Hand Weapons
 a - a +0 spear
 k - a +0 scythe (weapon)
Armour
 l - a +0 robe of positive energy (worn)
Scrolls
 b - 2 scrolls of identify
 i - a scroll of blinking
Potions
 d - a potion of curing
 e - a potion of heal wounds
 f - 2 potions of haste
 g - 2 potions of magic
 h - a potion of berserk rage
Comestibles
 c - a bread ration
 j - 6 chunks of flesh


   Skills:
 + Level 14.6 Fighting
 + Level 12.8 Polearms
 + Level 9.4 Dodging


You had 8 spell levels left.
You didn't know any spells.

Dungeon Overview and Level Annotations

Branches:
Dungeon (1/1)

Altars:
Cheibriados
Dithmenos
Elyvilon
Fedhas
Gozag
Hepliaklqana
Kikubaaqudgha
Makhleb
Nemelex Xobeh
Okawaru
Qazlal
Ru
Sif Muna
Trog
Uskayaw
Vehumet
Xom
Yredelemnul
Zin
The Shining One
Jiyva
Lugonu

Shops:
D *


Innate Abilities, Weirdness & Mutations

You are too large for most types of armour.
You have tough skin. (AC +1)


Message History

Which direction?
You can't close doors on yourself!
Which direction?
You close the door.
You close the door.
You open the door.
A slime creature comes into view.
The slime creature quivers.
Found four altars.
You slice the slime creature!!
The slime creature is moderately wounded.
The slime creature hits you!!
* * * LOW HITPOINT WARNING * * *
The slime creature misses you.
You slice the slime creature!!
The slime creature is severely wounded.
The slime creature hits you!!
* * * LOW HITPOINT WARNING * * *
The slime creature hits you!
You die...

################ ##
#<.#..)..#.[+..#__#
#..)..#..'..#.@J..+
#..#####'#####+#__# #
#..####..#...#(####§§
#..#__####..##(#§§§§c
#..#_____##'#..)§§§§§
#⌠⌠#_.∩...'..._#§≈§§c#
####_..__##_.#(##+####
#_____###+#.# #######
###


You could see a slime creature.

Vanquished Creatures
  2 centaur warriors (D)
  Sigmund (D)
  A yak (D)
  An ogre (D)
  A jelly (D)
  Ijyb (D)
7 creatures vanquished.

Notes
Turn   | Place    | Note
-------+----------+-------------------------------------------
     0 | D        | JeffiDaFish the Ogre Berserker began the quest for the Orb.
     0 | D        | Reached XP level 1. HP: 24/24 MP: 1/1
     1 | D        | Noticed Ijyb
    15 | D        | Killed Ijyb
    15 | D        | Reached skill level 6 in Fighting
    15 | D        | Reached XP level 2. HP: 10/36 MP: 2/2
    15 | D        | Reached XP level 3. HP: 13/44 MP: 3/3
   239 | D        | Noticed an ogre
   245 | D        | Killed an ogre
   245 | D        | Reached skill level 8 in Fighting
   245 | D        | Reached skill level 5 in Polearms
   245 | D        | Reached skill level 5 in Dodging
   245 | D        | Reached XP level 4. HP: 58/58 MP: 4/4
   280 | D        | Noticed Sigmund
   291 | D        | Killed Sigmund
   291 | D        | Reached ** piety under Trog
   291 | D        | Reached skill level 10 in Fighting
   291 | D        | Reached XP level 5. HP: 70/70 MP: 5/5
   291 | D        | Reached XP level 6. HP: 79/79 MP: 6/6
   317 | D        | Found a deep blue altar of Sif Muna.
   319 | D        | Found a radiant altar of Vehumet.
   411 | D        | Found Meubank's General Store.
   411 | D        | Found an ancient bone altar of Kikubaaqudgha.
   411 | D        | Found a hazy altar of Hepliaklqana.
   411 | D        | Found a hide-covered altar of Uskayaw.
   411 | D        | Found a basalt altar of Yredelemnul.
   411 | D        | Found an opulent altar of Gozag.
   411 | D        | Found a snail-covered altar of Cheibriados.
   411 | D        | Found a sacrificial altar of Ru.
   411 | D        | Found a shadowy altar of Dithmenos.
   411 | D        | Noticed a yak
   420 | D        | Killed a yak
   420 | D        | Reached skill level 11 in Fighting
   420 | D        | Reached XP level 7. HP: 56/89 MP: 7/7
   421 | D        | Found a stormy altar of Qazlal.
   421 | D        | Found a blossoming altar of Fedhas.
   421 | D        | Found a bloodstained altar of Trog.
   421 | D        | Found an iron altar of Okawaru.
   421 | D        | Found a glowing golden altar of the Shining One.
   421 | D        | Found a glowing silver altar of Zin.
   421 | D        | Found a white marble altar of Elyvilon.
   555 | D        | Found a sparkling altar of Nemelex Xobeh.
   559 | D        | Bought a scroll of identify for 26 gold pieces
   559 | D        | Bought a scroll of identify for 26 gold pieces
   559 | D        | Bought a potion of haste for 130 gold pieces
   569 | D        | Noticed a centaur warrior
   570 | D        | Noticed a centaur warrior
   586 | D        | Killed a centaur warrior
   586 | D        | Reached *** piety under Trog
   586 | D        | Reached skill level 13 in Fighting
   586 | D        | Reached XP level 8. HP: 73/102 MP: 8/8
   588 | D        | Killed a centaur warrior
   588 | D        | Reached skill level 14 in Fighting
   588 | D        | Reached XP level 9. HP: 59/114 MP: 9/9
   605 | D        | Found a burning altar of Makhleb.
   605 | D        | Found a viscous altar of Jiyva.
   605 | D        | Found a shimmering altar of Xom.
   605 | D        | Found a corrupted altar of Lugonu.
   607 | D        | Mangled by a slime creature

Skill      XL: |  1  2  3  4  5  6  7  8 |
---------------+-------------------------+-----
Fighting       | 6 8 10 11 13 14 | 14.6
Polearms       | 4 5 7 9 11 12 | 12.8
Dodging        | 3 5 6 7 8 9 |  9.4

Action                   |  1- 3 |  4- 6 |  7- 9 || total
-------------------------+-------+-------+-------++-------
Melee: Spear             |    19 |     8 |       ||    27
       Scythe            |       |    12 |     8 ||    20
Invok: Berserk           |     1 |     1 |     1 ||     3
  Use: Scroll            |       |       |     1 ||     1
  Eat: Chunk             |       |       |     1 ||     1
Armor: Animal skin       |     2 |       |       ||     2
       Robe              |       |     5 |       ||     5
Dodge: Dodged            |     3 |     7 |     3 ||    13
